 Dungeon Sprint DCSS version 0.21.1-1-g345015f (webtiles) character file.

51463 wilfster70 the Tortoise (level 14, -8/98 HPs)
             Began as a Gargoyle Monk on June 6, 2018.
             Was the Champion of Makhleb.
             Mangled by Cerebov
             ... wielding the +6 sword of Cerebov {flame}
              (47 damage)
             ... in the Dungeon (Sprint IX: "|||||||||||||||||||||||||||||").
             The game lasted 00:18:51 (3075 turns).

wilfster70 the Tortoise (Gargoyle Monk)             Turns: 3075, Time: 00:18:52

Health: -8/98      AC: 30    Str: 22    XL:     14   Next: 59%
Magic:  32/32      EV: 20    Int: 12    God:    Makhleb [******]
Gold:   357        SH:  0    Dex: 12    Spells: 29/41 levels left

rFire    . . .     SeeInvis +   b - +3 lajatang
rCold    . . .     Gourm    .   (shield currently unavailable)
rNeg     + + .     Faith    .   r - +2 troll leather armour {Snorg}
rPois    ∞         Spirit   .   q - +1 helmet
rElec    +         Reflect  .   o - +1 cloak
rCorr    .         Harm     .   m - +1 pair of gloves
MR       ++...     NoTele   +   A - +0 pair of boots
Stlth    ++........             (no amulet)
HPRegen  0.66/turn              u - ring "Dapudghix" {rN+ MR+ Str+3 Slay+2 SInv}
MPRegen  0.23/turn              p - +2 ring of evasion

@: marked
A: big wings, negative energy resistance 1, electricity resistance, unbreathing,
petrification resistance, rot immunity, AC +10
a: Fly, Minor Destruction, Lesser Servant of Makhleb, Major Destruction, Greater
Servant of Makhleb, Renounce Religion


You were in the Dungeon.
You worshipped Makhleb.
Makhleb was exalted by your worship.
You were not hungry.

You visited 1 branch You collected 1909 gold pieces.
You spent 1552 gold pieces at shops.

Inventory:

Hand Weapons
 a - a +6 quarterstaff of speed
 b - a +3 lajatang (weapon)
Armour
 m - a +1 pair of gloves (worn)
 n - a +1 chain mail
 o - a +1 cloak (worn)
 q - a +1 helmet (worn)
 r - a +2 troll leather armour (worn) {Snorg}
 A - a +0 pair of boots (worn)
 J - a +2 ring mail
Magical Staves
 H - an uncursed staff of energy
Jewellery
 p - a +2 ring of evasion (right hand)
 u - the ring "Dapudghix" (left hand) {rN+ MR+ Str+3 Slay+2 SInv}
   (You found it in the Dungeon)

   [ring of positive energy]

   It affects your strength (+3).
   It affects your accuracy and damage with ranged weapons and melee attacks
   (+2).
   It protects you from negative energy.
   It affects your resistance to hostile enchantments.
   It lets you see invisible.
 G - an uncursed ring of protection from fire
Wands
 l - a wand of iceblast (10)
 x - a wand of flame (28)
Scrolls
 i - 2 scrolls of blinking
 j - 3 scrolls of remove curse
 k - 2 scrolls of amnesia
 t - 4 scrolls of identify
 v - a scroll of fear
 w - 2 scrolls of fog
Potions
 d - 11 potions of curing
 e - 6 potions of heal wounds
 f - 2 potions of haste
 g - 4 potions of magic
 h - 2 potions of invisibility
 s - 2 potions of brilliance
 z - 2 potions of agility
 D - 2 potions of mutation
 E - a potion of berserk rage
 F - a potion of might
Books
 B - a book of the Tempests

   Spells                             Type                      Level
   a - Static Discharge               Conjuration/Air              3
   b - Lightning Bolt                 Conjuration/Air              5
   c - Ignition                       Fire                         8
   d - Tornado                        Air                          9
   e - Shatter                        Earth                        9
 C - a book of Minor Magic

   Spells                             Type                      Level
   a - Magic Dart                     Conjuration                  1
   b - Blink                          Translocation                2
   c - Call Imp                       Summoning                    2
   d - Slow                           Hexes                        2
   e - Conjure Flame                  Conjuration/Fire             3
   f - Mephitic Cloud                 Conjuration/Poison/Air       3
Comestibles
 c - 10 rations
 I - 10 chunks of flesh


   Skills:
 - Level 15.2 Fighting
   Level 2.6(8.9) Polearms
 - Level 13.8(14.0) Staves
 - Level 18.8 Armour
 - Level 12.2 Dodging
 - Level 2.1 Stealth
 + Level 14.3 Spellcasting
 - Level 12.9 Conjurations
 - Level 12.0 Fire Magic
 * Level 16.8 Earth Magic


You had 29 spell levels left.
You knew the following spells:

 Your Spells              Type           Power        Failure   Level  Hunger
a - Conjure Flame         Conj/Fire      #####...     1%          3    None
b - Shatter               Erth           #####.....   99%         9    #######


Dungeon Overview and Level Annotations

Branches:
Dungeon (1/1)

Altars:
Cheibriados
Dithmenos
Elyvilon
Fedhas
Gozag
Hepliaklqana
Kikubaaqudgha
Makhleb
Nemelex Xobeh
Okawaru
Qazlal
Ru
Sif Muna
Trog
Uskayaw
Vehumet
Wu Jian
Xom
Yredelemnul
Zin
The Shining One
Beogh
Jiyva
Lugonu

Shops:
D :!*!

Annotations:
D Cerebov


Innate Abilities, Weirdness & Mutations

You are resistant to torment.
Your stone body is resilient. (AC +10)
You are immune to poison.
Your large and strong wings let you fly indefinitely.
You resist negative energy. (rN+)
You are resistant to electric shocks. (rElec)
You can survive without breathing.
You are immune to petrification.
You are immune to rotting.


Message History

The centaur warrior convulses!
The fire crab convulses!
Cerebov gestures.
Cerebov seems to speed up.
You slice the yaktaur captain!!
The yaktaur captain is almost dead.
The necromancer casts a spell.
The necromancer flickers and vanishes for a moment.
Cerebov hits you but does no damage.
The vault sentinel blows a loud note on a signal horn!
You slash Cerebov!
Cerebov is lightly wounded.
The yaktaur captain hits you but does no damage.
Cerebov misses you.
You hit Cerebov but do no damage.
Cerebov is lightly wounded.
The yaktaur captain hits you but does no damage.
You slash Cerebov!
Cerebov is lightly wounded.
Cerebov hits you with a great serpentine sword {flame}!!!
You die...

▓.♣.♣.▓(▓.▓∩▓.▓.
▓o▓.♣†♣.▓(▓.▓)▓.▓.
▓c▓.▓†▓.▓[▓.▓)▓.▓†
▓p▓)▓.▓.▓.▓.▓)▓.▓.
▓t▓.▓.▓.▓(▓.▓)▓.▓†
▓c▓.▓.▓.▓(▓.▓)▓.▓†
▓p▓.▓)▓.▓.▓.▓)▓.▓.
▓c▓.▓)▓.▓.▓.▓.▓.▓.
▓@▓.▓)▓.▓.▓.▓.▓.▓.
▓&▓.▓)▓.▓.▓.▓)▓.▓.
▓p▓.▓[▓.▓.▓.▓)▓.▓.
▓1▓.▓'▓.▓.▓.▓)▓.▓.
▓.▓.▓.▓.▓.▓.▓)▓.▓†
▓.▓.▓.▓.▓.▓.▓)▓.▓.
▓.▓.▓.▓.▓.▓.▓)▓.▓†
▓.▓.▓.▓.▓[▓.▓)▓.▓†
▓.▓.▓.▓.▓[▓.▓)▓.▓.


You could see Cerebov, a Brimstone Fiend, 2 yaktaur captains, an orc knight, a
centaur warrior, a fire crab, a vault sentinel and 2 necromancers.

Vanquished Creatures
  Rupert (D)
  A nagaraja (D)
  3 fire giants (D)
  3 stone giants (D)
  An entropy weaver (D)
  A very ugly thing (D)
  Nessos (D)
  Snorg (D)
  A great orb of eyes (D)
  4 yaktaur captains (D)
  Josephine (D)
  A fire dragon (D)
  An ice dragon (D)
  4 centaur warriors (D)
  3 ogre magi (D)
  A merfolk avatar (D)
  Erica (D)
  An orc high priest (D)
  A satyr (D)
  2 spriggan berserkers (D)
  A shock serpent (D)
  Nergalle (D)
  A hell knight (D)
  A salamander mystic (D)
  A sea snake (D)
  A spriggan druid (D)
  2 wizards (D)
  A harpy (D)
  An ironbrand convoker (D)
  2 shambling mangroves (D)
  A mana viper (D)
  4 wolf spiders (D)
  A salamander (D)
  5 orc knights (D)
  4 orc sorcerers (D)
  A manticore (D)
  A black mamba (D)
  2 naga magi (D)
  5 spiny frogs (D)
  3 komodo dragons (D)
  2 demonic crawlers (D)
  2 yaktaurs (D)
  3 polar bears (D)
  3 merfolk (D)
  A tyrant leech (D)
  A jumping spider (D)
  A troll (D)
  2 bog bodies (D)
  A snapping turtle (D)
  A hornet (D)
  A hippogriff (D)
  A slime creature (D)
  A redback (D)
  5 wraiths (D)
  A tarantella (D)
  3 yaks (D)
  A vampire mosquito (D)
  A naga (D)
  An acid dragon (D)
  2 water moccasins (D)
  3 porcupines (D)
  10 orc warriors (D)
  A sky beast (D)
  5 black bears (D)
  2 centaurs (D)
  A boggart (D)
  4 bullfrogs (D)
  A crimson imp (D)
  A jelly (D)
  5 orc priests (D)
  5 orc wizards (D)
  2 worker ants (D)
  12 orcs (D)
  A bat (D)
  4 bat skeletons (D)
  2 goblins (D)
  2 kobolds (D)
  A quokka (D)
  A ball python skeleton (D)
  A giant cockroach zombie (D)
170 creatures vanquished.

Notes
Turn   | Place    | Note
-------+----------+-------------------------------------------
     0 | D        | wilfster70 the Gargoyle Monk began the quest for the Orb.
     0 | D        | Reached XP level 1. HP: 14/14 MP: 1/1
     8 | D        | Reached skill level 1 in Armour
    16 | D        | Reached skill level 2 in Armour
    16 | D        | Reached XP level 2. HP: 19/20 MP: 2/2
    43 | D        | Reached skill level 5 in Fighting
    43 | D        | Reached skill level 3 in Armour
    43 | D        | Reached XP level 3. HP: 9/26 MP: 3/3
    52 | D        | Reached skill level 4 in Armour
   379 | D        | Found a roughly hewn altar of Beogh.
   379 | D        | Found a snail-covered altar of Cheibriados.
   379 | D        | Found a shadowy altar of Dithmenos.
   379 | D        | Found a white marble altar of Elyvilon.
   379 | D        | Found a blossoming altar of Fedhas.
   379 | D        | Found an opulent altar of Gozag.
   380 | D        | Found a hazy altar of Hepliaklqana.
   381 | D        | Found a viscous altar of Jiyva.
   382 | D        | Found an ancient bone altar of Kikubaaqudgha.
   383 | D        | Found a corrupted altar of Lugonu.
   384 | D        | Found a burning altar of Makhleb.
   385 | D        | Found a sparkling altar of Nemelex Xobeh.
   386 | D        | Found an iron altar of Okawaru.
   387 | D        | Found a stormy altar of Qazlal.
   388 | D        | Found a sacrificial altar of Ru.
   389 | D        | Found a deep blue altar of Sif Muna.
   390 | D        | Found a bloodstained altar of Trog.
   391 | D        | Found a hide-covered altar of Uskayaw.
   392 | D        | Became a worshipper of Makhleb the Destroyer
   392 | D        | Reached * piety under Makhleb
   392 | D        | Reached ** piety under Makhleb
   393 | D        | Found a radiant altar of Vehumet.
   394 | D        | Found an ornate altar of the Wu Jian Council.
   395 | D        | Found a shimmering altar of Xom.
   396 | D        | Found a basalt altar of Yredelemnul.
   397 | D        | Found a glowing silver altar of Zin.
   398 | D        | Found a glowing golden altar of the Shining One.
   464 | D        | Noticed a centaur
   464 | D        | Noticed a troll
   464 | D        | Noticed a sky beast
   472 | D        | Killed a sky beast
   472 | D        | Reached skill level 5 in Armour
   472 | D        | Reached XP level 4. HP: 32/32 MP: 4/4
   472 | D        | Reached XP level 5. HP: 37/37 MP: 5/5
   481 | D        | Killed a troll
   481 | D        | Reached skill level 6 in Armour
   481 | D        | Reached skill level 5 in Dodging
   481 | D        | Reached XP level 6. HP: 35/44 MP: 6/6
   482 | D        | Reached *** piety under Makhleb
   491 | D        | Reached skill level 7 in Armour
   517 | D        | Noticed a slime creature
   517 | D        | Noticed a yak
   523 | D        | Reached XP level 7. HP: 49/49 MP: 7/7
   526 | D        | Reached **** piety under Makhleb
   531 | D        | Killed a yak
   531 | D        | Reached skill level 8 in Armour
   545 | D        | Killed a slime creature
   545 | D        | Reached XP level 8. HP: 54/56 MP: 8/8
   717 | D        | Got the ring "Dapudghix" {rN+ MR+ Str+3 Slay+2 SInv}
   736 | D        | Noticed a yak
   736 | D        | Noticed a spiny frog
   736 | D        | Noticed a komodo dragon
   744 | D        | Killed a komodo dragon
   744 | D        | Reached skill level 10 in Staves
   744 | D        | Reached skill level 9 in Armour
   754 | D        | Killed a spiny frog
   754 | D        | Reached ***** piety under Makhleb
   754 | D        | Reached skill level 10 in Fighting
   757 | D        | Noticed a yak
   762 | D        | Killed a yak
   767 | D        | Reached XP level 9. HP: 63/63 MP: 9/9
   772 | D        | Reached skill level 10 in Armour
   799 | D        | Noticed a spiny frog
   799 | D        | Noticed a komodo dragon
   805 | D        | Killed a komodo dragon
   805 | D        | Reached ****** piety under Makhleb
   810 | D        | Noticed a spiny frog
   811 | D        | Noticed a komodo dragon
   815 | D        | Killed a spiny frog
   815 | D        | Reached skill level 11 in Armour
   837 | D        | Killed a spiny frog
   837 | D        | Reached XP level 10. HP: 71/71 MP: 10/10
   889 | D        | Reached skill level 12 in Armour
   902 | D        | Reached skill level 10 in Dodging
  1025 | D        | Noticed an orc sorcerer
  1029 | D        | Noticed a sun demon
  1043 | D        | Killed an orc sorcerer
  1119 | D        | Noticed an orc knight
  1119 | D        | Noticed an orc knight
  1126 | D        | Killed an orc knight
  1126 | D        | Reached skill level 13 in Armour
  1153 | D        | Killed an orc knight
  1153 | D        | Reached XP level 11. HP: 79/79 MP: 11/11
  1336 | D        | Found Aqyat's Distillery.
  1336 | D        | Noticed an orc knight
  1336 | D        | Noticed an orc high priest
  1336 | D        | Noticed an orc sorcerer
  1339 | D        | Noticed an orc sorcerer
  1341 | D        | Killed an orc sorcerer
  1345 | D        | Found Hueb's General Store.
  1350 | D        | Killed an orc high priest
  1350 | D        | Reached skill level 14 in Armour
  1380 | D        | Killed an orc knight
  1383 | D        | Killed an orc sorcerer
  1384 | D        | Found Zocvefeg's Distillery.
  1388 | D        | Found Mifrurav's Book Shop.
  1390 | D        | Noticed an orc sorcerer
  1392 | D        | Noticed an orc knight
  1393 | D        | Noticed an orc knight
  1397 | D        | Paralysed by an orc sorcerer for 3 turns
  1402 | D        | Killed an orc sorcerer
  1410 | D        | Killed an orc knight
  1410 | D        | Reached skill level 15 in Fighting
  1423 | D        | Killed an orc knight
  1481 | D        | Bought a book of the Tempests for 840 gold pieces
  1481 | D        | Bought a book of Minor Magic for 240 gold pieces
  1483 | D        | Bought a potion of invisibility for 88 gold pieces
  1483 | D        | Bought a potion of mutation for 88 gold pieces
  1483 | D        | Bought a potion of haste for 110 gold pieces
  1483 | D        | Bought a potion of mutation for 88 gold pieces
  1487 | D        | Bought a potion of berserk rage for 50 gold pieces
  1489 | D        | Bought a potion of might for 48 gold pieces
  1508 | D        | Learned a level 3 spell: Conjure Flame
  1569 | D        | Noticed Josephine
  1580 | D        | Reached skill level 15 in Armour
  1587 | D        | Reached skill level 1 in Spellcasting
  1587 | D        | Reached skill level 1 in Conjurations
  1587 | D        | Reached skill level 1 in Fire Magic
  1592 | D        | Killed Josephine
  1785 | D        | Noticed a centaur warrior
  1792 | D        | Killed a centaur warrior
  1809 | D        | Noticed a green very ugly thing
  1809 | D        | Reached XP level 12. HP: 83/88 MP: 16/18
  1819 | D        | Noticed a stone giant
  1827 | D        | Killed a green very ugly thing
  1827 | D        | Reached skill level 5 in Conjurations
  1827 | D        | Reached skill level 5 in Fire Magic
  1836 | D        | Reached skill level 5 in Spellcasting
  1849 | D        | Noticed a stone giant
  1858 | D        | Killed a stone giant
  1858 | D        | Reached skill level 16 in Armour
  1866 | D        | Noticed an ogre mage
  1881 | D        | Killed a stone giant
  1889 | D        | Killed an ogre mage
  2102 | D        | Noticed Nergalle
  2116 | D        | Killed Nergalle
  2202 | D        | Noticed a merfolk avatar
  2202 | D        | Noticed a satyr
  2212 | D        | Killed a satyr
  2222 | D        | Killed a merfolk avatar
  2246 | D        | Reached skill level 17 in Armour
  2351 | D        | Noticed an entropy weaver
  2358 | D        | Killed an entropy weaver
  2358 | D        | Reached skill level 10 in Conjurations
  2367 | D        | Reached XP level 13. HP: 92/92 MP: 25/25
  2414 | D        | Reached skill level 10 in Fire Magic
  2422 | D        | Noticed a nagaraja
  2436 | D        | Killed a nagaraja
  2446 | D        | Reached skill level 18 in Armour
  2470 | D        | Reached skill level 10 in Spellcasting
  2592 | D        | Noticed Rupert
  2607 | D        | Killed Rupert
  2619 | D        | Learned a level 9 spell: Shatter
  2632 | D        | Noticed Erica
  2636 | D        | Noticed Snorg
  2646 | D        | Killed Erica
  2657 | D        | Killed Snorg
  2657 | D        | Reached skill level 5 in Earth Magic
  2797 | D        | Noticed Nessos
  2815 | D        | Killed Nessos
  2855 | D        | Noticed a yaktaur captain
  2855 | D        | Noticed a fire dragon
  2855 | D        | Noticed a fire giant
  2856 | D        | Noticed a yaktaur captain
  2867 | D        | Killed a fire giant
  2868 | D        | Noticed a yaktaur captain
  2871 | D        | Noticed a fire giant
  2874 | D        | Gained mutation: Your large and strong wings let you fly indefinitely. [Gargoyle growth]
  2874 | D        | Reached XP level 14. HP: 96/98 MP: 28/30
  2881 | D        | Reached skill level 10 in Earth Magic
  2917 | D        | Killed a fire giant
  2928 | D        | Noticed a stone giant
  2940 | D        | Noticed a fire giant
  2975 | D        | Killed a stone giant
  2975 | D        | Reached skill level 15 in Earth Magic
  2984 | D        | Killed a fire giant
  3066 | D        | Noticed Cerebov
  3070 | D        | Noticed a Brimstone Fiend
  3075 | D        | Identified the +6 sword of Cerebov {flame}
  3075 | D        | Mangled by Cerebov

Skill      XL: |  1  2  3  4  5  6  7  8  9 10 11 12 13 14 |
---------------+-------------------------------------------+-----
Armour         | 2 3 5 6 7 8 9 11 13 15 17 18 | 18.8
Fighting       | 4 5 6 7 8 9 10 11 13 15 | 15.2
Dodging        | 3 4 5 6 7 8 9 10 12 | 12.2
Staves         | 4 7 8 9 11 13 | 13.8
Spellcasting   | 4 8 12 14 | 14.3
Conjurations   | 4 10 12 | 12.9
Fire Magic     | 4 9 12 | 12.0
Earth Magic    | 9 16 | 16.8
Polearms       | |  2.6
Stealth        | |  2.1

Action                   |  1- 3 |  4- 6 |  7- 9 | 10-12 | 13-15 || total
-------------------------+-------+-------+-------+-------+-------++-------
Melee: Spear             |    34 |       |       |       |       ||    34
       Quarterstaff      |     8 |    24 |   103 |   283 |       ||   418
       Lajatang          |       |       |       |   178 |   316 ||   494
 Cast: Conjure Flame     |       |       |       |     1 |     4 ||     5
  Use: Potion            |     1 |       |       |       |     1 ||     2
       Scroll            |       |       |     4 |     2 |       ||     6
  Eat: Chunk             |       |       |       |     5 |       ||     5
       Ration            |       |       |       |       |     1 ||     1
Armor: Robe              |    10 |       |       |       |       ||    10
       Chain mail        |     6 |    18 |    21 |   146 |    80 ||   271
       Troll leather arm |       |       |       |       |    49 ||    49
       Ring mail         |       |       |       |       |    11 ||    11
Dodge: Dodged            |    24 |     6 |    31 |   155 |   172 ||   388
